 Dungeon Crawl Stone Soup version 0.21-a0-400-g417d9d2 (webtiles) character file.

5098 terra52 the Fighter (level 10, -13/58 HPs)
             Began as a Vine Stalker Fighter on Oct 20, 2017.
             Was an Initiate of Gozag.
             Mangled by a white ugly thing (24 damage)
             ... on level 11 of the Dungeon.
             The game lasted 00:21:10 (4810 turns).

terra52 the Fighter (Vine Stalker Fighter)          Turns: 4810, Time: 00:21:11

Health: -13/58     AC:  9    Str: 29    XL:     10   Next: 57%
Magic:  0/27       EV: 15    Int: 11    God:    Gozag
Gold:   304        SH: 12    Dex: 19    Spells: 19/19 levels left

rFire    + . .     SeeInvis +   E - +2 trident of Tutari Boci {flame, rF+ rN+}
rCold    . . .     Gourm    .   c - +0 shield
rNeg     + . .     Faith    .   b - +0 scale mail
rPois    .         Spirit   +   (no helmet)
rElec    .         Reflect  .   (no cloak)
rCorr    .         Harm     .   G - +1 pair of gloves
MR       +....                  (no boots)
Stlth    +++.......             F - amulet of regeneration
HPRegen  0.99/turn              M - ring of magical power
MPRegen  0.20/turn              P - ring of the Cockroach {Str+5 SInv Stlth+}

@: mighty, agile, lethally poisoned (-13 -> -13), hasted and slowed
A: fangs 3, regeneration 1, magic shield, antimagic bite, no potion heal 3, rot
immunity
a: Potion Petition, Call Merchant, Bribe Branch, Renounce Religion


You were on level 11 of the Dungeon.
You worshipped Gozag.
Gozag was aware of your devotion.
You were not hungry.

You visited 2 branches of the dungeon, and saw 11 of its levels.

You collected 1003 gold pieces.
You spent 586 gold pieces at shops.
You paid 113 gold pieces to Gozag.

Inventory:

Hand Weapons
 a - a +0 rapier
 u - a +1 whip of freezing
 E - the +2 trident of Tutari Boci (weapon) {flame, rF+ rN+}
   (You found it on level 5 of the Dungeon)

   It has been specially enchanted to burn those struck by it, causing extra
   injury to most foes and up to half again as much damage against particularly
   susceptible opponents.
   It protects you from fire.
   It protects you from negative energy.
Missiles
 v - 7 tomahawks (quivered)
Armour
 b - a +0 scale mail (worn)
 c - a +0 shield (worn)
 j - a +1 pair of gloves
 k - a +0 pair of gloves
 G - a +1 pair of gloves (worn)
 O - a +2 leather armour of cold resistance
Jewellery
 y - an uncursed ring of ice
 F - an amulet of regeneration (around neck)
 M - a ring of magical power (left hand)
 P - the ring of the Cockroach (right hand) {Str+5 SInv Stlth+}
   (You bought it in a shop on level 7 of the Dungeon)

   [ring of stealth]

   It affects your strength (+5).
   It lets you see invisible.
   It makes you more stealthy.
Wands
 l - a wand of random effects (23/48)
 R - a wand of confusion (22/48)
 T - a wand of iceblast (5/15)
Scrolls
 e - a scroll of random uselessness {unknown}
 h - 2 scrolls of fog {unknown}
 i - a scroll of blinking {unknown}
 m - 15 scrolls of identify
 n - 2 scrolls of amnesia {unknown}
 o - 3 scrolls of teleportation
 q - a scroll of immolation {unknown}
 r - a scroll of fear {unknown}
 t - 2 scrolls of recharging {unknown}
 H - 2 scrolls of enchant armour {unknown}
 K - a scroll of remove curse
Potions
 p - a potion of agility {unknown}
 s - a potion of heal wounds {unknown}
 w - 3 potions of curing
 z - 2 potions of flight {unknown}
 A - 2 potions of ambrosia {unknown}
 B - 2 potions of mutation {unknown}
 D - 2 potions of degeneration {unknown}
 L - a potion of brilliance {unknown}
 Q - 2 potions of magic {unknown}
Books
 I - a book of Geomancy

   Spells                             Type                      Level
   a - Sandblast                      Earth                        1
   b - Passwall                       Transmutation/Earth          2
   c - Stone Arrow                    Conjuration/Earth            3
   d - Petrify                        Transmutation/Earth          4
   e - Lee's Rapid Deconstruction     Earth                        5
 J - a book of Alchemy

   Spells                             Type                      Level
   a - Sublimation of Blood           Necromancy                   2
   b - Ignite Poison                  Fire/Transmutation/Poison    3
   c - Petrify                        Transmutation/Earth          4
   d - Alistair's Intoxication        Transmutation/Poison         5
   e - Irradiate                      Conjuration/Transmutation    5
 N - a book of Misfortune

   Spells                             Type                      Level
   a - Confusing Touch                Hexes                        1
   b - Confuse                        Hexes                        3
   c - Gell's Gravitas                Translocation                3
   d - Petrify                        Transmutation/Earth          4
   e - Metabolic Englaciation         Hexes/Ice                    5
   f - Yara's Violent Unravelling     Hexes/Transmutation          5
 S - a book of Maledictions

   Spells                             Type                      Level
   a - Corona                         Hexes                        1
   b - Ensorcelled Hibernation        Hexes/Ice                    2
   c - Confuse                        Hexes                        3
   d - Tukima's Dance                 Hexes                        3
   e - Dazzling Spray                 Conjuration/Hexes            3
Comestibles
 f - 6 bread rations
 g - 2 royal jellies


   Skills:
 * Level 9.0 Fighting
 - Level 2.9 Short Blades
 - Level 1.5 Polearms
 + Level 0.8 Throwing
 + Level 5.5 Armour
 + Level 2.4 Dodging
 + Level 2.0 Stealth
 + Level 7.5 Shields
 * Level 5.0 Spellcasting


You had 19 spell levels left.
You didn't know any spells.

Dungeon Overview and Level Annotations

Branches:
Dungeon (9/15)             Temple (1/1) D:6             Orc (0/2) D:11
   Lair: D:8-11

Altars:
Ashenzari
Cheibriados
Dithmenos
Elyvilon
Fedhas
Gozag
Hepliaklqana
Kikubaaqudgha
Makhleb
Nemelex Xobeh
Okawaru
Qazlal
Ru
Sif Muna
Trog
Uskayaw
Vehumet
Wu Jian
Xom
Yredelemnul
Zin
The Shining One

Shops:
D:4 ?   D:7 *=

Portals:
Bailey: D:11

Annotations:
D:8 2 runed doors, exclusion: orange crystal statue
D:9 fearitself's ghost, novice DsAr


Innate Abilities, Weirdness & Mutations

You have razor-sharp teeth.
Your natural rate of healing is unusually fast.
When hurt, damage is shared between your health and your magic reserves.
Your bite disrupts and absorbs the magic of your enemies.
Potions cannot restore your health.
You are immune to rotting.


Message History

You hit the freezing wraith but do no damage.
You bite the freezing wraith, but do no damage.
The freezing wraith is lightly damaged.
The freezing wraith hits you! The freezing wraith freezes you!!
The freezing wraith closely misses you.
Unknown command.
You hit the wraith. You burn the wraith. Your bite misses the wraith.
The wraith is moderately damaged.
You feel sick. The freezing wraith closely misses you.
You block the freezing wraith's attack. The wraith hits you!
The wraith drains your vigour!
You feel yourself slow down.
Unknown command.
You closely miss the wraith. Your bite misses the wraith.
The wraith is moderately damaged.
You are no longer corroded.
The white ugly thing trunk-slaps you!
* * * LOW HITPOINT WARNING * * *
The white ugly thing freezes you!!
You die...
Your body crumbles into a pile of gold.

,,,,,,,,,,,,,* *,.......$%#
,,,,,***,***####* *,.........# ##
,,,,,,**,* ##...* *,.........###.
,,,,,,**,###....* *,.........##..
,,,,,,,,,.......* *,......%......
,,,,,,,,,...)...* *###.###...###.
,,,,,,,,,..)∩)ZW## #..,*##..####.
,,,,,,,,,...)SWpW# #.#**#........
,,,,,,,>,,,,,,,#@###.####o.......
,,,,,,,,,,,,***#.u.#.#.To........
**,,,,>,,,,,* ###u#...Joo......$
**,,,,,,,,******#yTo.)##.......(
***,,,,,,,,,,,#....oo..##.....(..
**,,,,,,,,,,.........#.###....###
$*,,,,,,,,,,..........?.....#.##
,,,,,,,,,,,,..5................#
**,,,,,,,,,,..............##...#


You could see a death knight, 2 ugly things, a freezing wraith, a troll, a
hornet, 2 wraiths, an adder, 3 orcs and a hornet zombie.

Vanquished Creatures
  A two-headed ogre (D:8)
  Pikel (D:4)
  A gargoyle (D:7)
  A troll (D:9)
  A hippogriff (D:8)
  A hungry ghost (D:7)
  A water moccasin (D:8)
  An orc warrior (D:8)
  An ice beast (D:7)
  A sky beast (D:6)
  3 phantoms
  2 ogres
  2 centaurs
  4 wolves
  A big kobold (D:8)
  7 bullfrogs
  5 killer bees (D:9)
  A scorpion (D:8)
  3 wights (D:7)
  3 howler monkeys
  A bullfrog zombie (D:9)
  6 hounds
  A jelly (D:11)
  A gnoll shaman (D:8)
  5 orc priests
  2 orc wizards
  A centaur skeleton (D:4)
  2 iguanas
  5 worker ants
  A hound zombie (D:6)
  A hound skeleton (D:4)
  10 adders
  5 gnolls
  A shadow imp (D:5)
  2 oozes
  An adder skeleton (D:6)
  A worm (D:5)
  2 leopard geckos
  15 orcs
  5 bats
  2 giant cockroaches
  6 goblins
  7 hobgoblins
  13 jackals
  9 kobolds
  A quokka (D:6)
  3 frilled lizards
  A quokka skeleton (D:5)
  A quokka zombie (D:5)
  7 rats
159 creatures vanquished.

Vanquished Creatures (others)
  The ghost of Harvester the Changer, an amateur OpTm (D:4)
  A hound (D:4)
  An orc priest (D:4)
  A worm (D:4)
  2 orcs (D:4)
6 creatures vanquished.

Grand Total: 165 creatures vanquished

Notes
Turn   | Place    | Note
-------+----------+-------------------------------------------
     0 | D:1      | terra52 the Vine Stalker Fighter began the quest for the Orb.
     0 | D:1      | Reached XP level 1. HP: 11/11 MP: 2/2
   181 | D:1      | Reached XP level 2. HP: 16/16 MP: 3/3
   508 | D:1      | Reached skill level 3 in Fighting
   508 | D:1      | Reached XP level 3. HP: 15/20 MP: 4/4
   931 | D:3      | Gained mutation: Your natural rate of healing is unusually fast. [Vine Stalker growth]
   931 | D:3      | Reached XP level 4. HP: 11/24 MP: 5/5
  1244 | D:2      | Reached XP level 5. HP: 28/28 MP: 6/6
  1312 | D:4      | Noticed a phantom
  1314 | D:4      | Noticed a slave
  1315 | D:4      | Noticed a slave
  1315 | D:4      | Noticed a slave
  1316 | D:4      | Noticed Pikel
  1319 | D:4      | Noticed a slave
  1329 | D:4      | Killed a phantom
  1329 | D:4      | Reached skill level 4 in Fighting
  1349 | D:4      | Killed Pikel
  1349 | D:4      | Reached skill level 5 in Fighting
  1349 | D:4      | Reached XP level 6. HP: 19/36 MP: 5/7
  1349 | D:4      | Reached XP level 7. HP: 20/39 MP: 5/8
  1377 | D:4      | Noticed Harvester's ghost (amateur OpTm)
  1383 | D:4      | Killed Harvester's ghost
  1408 | D:4      | Reached skill level 6 in Fighting
  1533 | D:4      | Found Jiffurik's Magic Scroll Shop.
  1541 | D:4      | Bought a scroll of magic mapping for 49 gold pieces
  1541 | D:4      | Bought a scroll of identify for 28 gold pieces
  1561 | D:4      | Reached skill level 5 in Shields
  1628 | D:4      | Gained mutation: You have razor-sharp teeth. [Vine Stalker growth]
  1628 | D:4      | Reached XP level 8. HP: 44/44 MP: 10/10
  1651 | D:5      | Entered Level 5 of the Dungeon
  1686 | D:5      | Got a fine trident
  1687 | D:5      | Identified the +2 trident of Tutari Boci {flame, rF+ rN+} (You found it on level 5 of the Dungeon)
  1968 | D:5      | Reached skill level 1 in Spellcasting
  2219 | D:4      | Found a blossoming altar of Fedhas.
  2659 | D:6      | Found a staircase to the Ecumenical Temple.
  2666 | Temple   | Entered the Ecumenical Temple
  2710 | Temple   | Became a worshipper of Gozag Ym Sagoz the Greedy
  2794 | D:6      | Reached skill level 1 in Polearms
  3156 | D:7      | Found a hide-covered altar of Uskayaw.
  3169 | D:7      | Reached skill level 7 in Fighting
  3220 | D:7      | Found Gozag's Platinum Reserve.
  3227 | D:7      | Found an opulent altar of Gozag.
  3398 | D:8      | Reached skill level 1 in Dodging
  3398 | D:8      | Reached XP level 9. HP: 42/50 MP: 11/14
  3516 | D:8      | Reached skill level 1 in Stealth
  3534 | D:8      | Found a runed door.
  3544 | D:8      | Noticed an orange crystal statue
  3545 | D:8      | Found the +10 large shield of Ignorance {rN+ Int-4}
  3588 | D:8      | Noticed a two-headed ogre
  3596 | D:8      | Killed a two-headed ogre
  3596 | D:8      | Reached skill level 8 in Fighting
  3693 | D:7      | Noticed a gargoyle
  3714 | D:7      | Killed a gargoyle
  3714 | D:7      | Reached XP level 10. HP: 30/57 MP: 9/17
  3797 | D:7      | Found Lifukh's Jewellery Emporium.
  3809 | D:7      | Bought the ring of the Cockroach {Str+5 SInv Stlth+} for 509 gold pieces
  4121 | D:8      | Found a runed door.
  4129 | D:9      | Noticed fearitself's ghost (novice DsAr)
  4131 | D:9      | Noticed an unseen horror
  4276 | D:8      | Reached skill level 5 in Armour
  4612 | D:9      | Reached skill level 5 in Spellcasting
  4741 | D:8      | You fall through a shaft for 3 floors!
  4755 | D:11     | Reached skill level 9 in Fighting
  4783 | D:11     | Noticed a red ugly thing
  4784 | D:11     | Noticed a white ugly thing
  4798 | D:11     | Found a staircase to the Orcish Mines.
  4802 | D:11     | Noticed a death knight
  4803 | D:11     | Found a flagged portal.
  4810 | D:11     | Mangled by a white ugly thing

Vault maps used:
D:1:      dpeg_arrival_pond, minmay_split_cup_large
D:3:      first_bread
D:4:      serial_shops, shop_statue, fedhas_altar_2, uniq_pikel
D:6:      minmay_temple_entry_steel_oval
D:7:      old_standard_altar, serial_shops, shop, the_bakery,
          nicolae_gozag_zags_fifth_avenue
D:8:      chequers_guarded_unrand_ignorance
D:9:      erik_lair_island, yredelemnul_altar_generic
D:11:     enter_bailey_2
Temple:   kilobyte_greek_temple

Skill      XL: |  1  2  3  4  5  6  7  8  9 10 |
---------------+-------------------------------+-----
Short Blades   | 2 |  2.9
Fighting       | 3 5 6 7 8 9 |  9.0
Shields        | 3 4 5 6 7 |  7.5
Armour         | 3 4 5 |  5.5
Spellcasting   | 2 4 5 |  5.0
Polearms       | 1 |  1.5
Dodging        | 1 2 |  2.4
Stealth        | 1 2 |  2.0
Throwing       | |  0.8

Action                   |  1- 3 |  4- 6 |  7- 9 | 10-12 || total
-------------------------+-------+-------+-------+-------++-------
Melee: Rapier            |    86 |    79 |    43 |       ||   208
       Bite              |    20 |    21 |    82 |    65 ||   188
       Trident           |       |       |   214 |   217 ||   431
Throw: Tomahawk          |       |       |     1 |       ||     1
Invok: Potion Petition   |       |       |       |     1 ||     1
Evoke: Wand              |       |       |       |     2 ||     2
  Use: Potion            |     1 |       |       |     2 ||     3
       Scroll            |       |       |     3 |     2 ||     5
 Stab: Distracted        |       |       |     1 |     2 ||     3
       Sleeping          |       |       |       |     2 ||     2
  Eat: Chunk             |       |     2 |     1 |       ||     3
       Royal jelly       |       |       |     3 |       ||     3
       Fruit             |       |       |     2 |       ||     2
       Meat ration       |       |       |       |     1 ||     1
Armor: Scale mail        |    32 |    36 |    95 |    78 ||   241
Dodge: Dodged            |    22 |    17 |    63 |    80 ||   182
Block: Shield            |    42 |    27 |   151 |   141 ||   361

Table legend:
 A = Spawn XP
 B = Non-spawn XP
 C = Spawn XP percentage of total XP
 D = Spawn monster count
 E = Non-spawn monster count
 F = Spawn count percentage of total count
 G = Total turns spent on level
                    A         B        C        D         E        F      G
               +---------+---------+-------+---------+---------+-------+---------
         Total |       0 |    7283 |   0.0 |       0 |     160 |   0.0 |  4810
               +---------+---------+-------+---------+---------+-------+---------
           D:1 |       0 |      41 |   0.0 |       0 |      18 |   0.0 |   640
           D:2 |       0 |      47 |   0.0 |       0 |      13 |   0.0 |   338
           D:3 |       0 |      85 |   0.0 |       0 |      12 |   0.0 |   308
           D:4 |       0 |    1063 |   0.0 |       0 |      13 |   0.0 |   560
           D:5 |       0 |     143 |   0.0 |       0 |       5 |   0.0 |   765
           D:6 |       0 |     454 |   0.0 |       0 |      21 |   0.0 |   444
           D:7 |       0 |    1194 |   0.0 |       0 |      19 |   0.0 |   554
           D:8 |       0 |    2379 |   0.0 |       0 |      32 |   0.0 |   899
           D:9 |       0 |    1711 |   0.0 |       0 |      22 |   0.0 |   158
          D:11 |       0 |     166 |   0.0 |       0 |       5 |   0.0 |    69
               +---------+---------+-------+---------+---------+-------+---------
